 Dungeon Crawl Stone Soup version 0.29-a0-322-g68df515428 (webtiles) character file.

Game seed: 14138666283998047925

24 kae the Firebug (level 3, -5/20 HPs)
             Began as a Tengu Fire Elementalist on Apr 8, 2022.
             Slain by a gnoll
             ... wielding a +0 club
              (9 damage)
             ... on level 1 of the Dungeon.
             The game lasted 00:00:34 (1075 turns).

kae the Firebug (Tengu Fire Elementalist)           Turns: 1075, Time: 00:00:34

Health: -5/20      AC:  2    Str:  8    XL:     3   Next: 2%
Magic:  1/7        EV: 12    Int: 17    God:
Gold:   54         SH:  0    Dex: 14    Spells: 2/6 levels left

rFire   . . .      SeeInvis .   (no weapon)
rCold   . . .      Faith    .   (no shield)
rNeg    . . .      Spirit   .   a - +0 robe
rPois   .          Reflect  .   (helmet restricted)
rElec   .          Harm     .   (no cloak)
rCorr   .          Rampage  .   (no gloves)
Will    .....                   (boots unavailable)
Stlth   ++........              (no amulet)
HPRegen 0.06/turn               (no ring)
MPRegen 0.10/turn               (no ring)

@: very slightly contaminated
A: beak, talons 3
a: no special abilities


You were on level 1 of the Dungeon.
You visited 1 branch of the dungeon, and saw 2 of its levels.

You collected 54 gold pieces.

Inventory:

Armour
 a - a +0 robe (worn)
Scrolls
 d - 2 scrolls of teleportation {unknown}
 e - 2 scrolls of identify {unknown}
 f - a scroll of immolation {unknown}
 g - a scroll of silence {unknown}
 l - a scroll of holy word {unknown}
Potions
 b - a potion of magic
 c - 2 potions of heal wounds {unknown}
 h - a potion of berserk rage {unknown}
 i - a potion of flight {unknown}
 j - a potion of curing {unknown}
 k - a potion of lignification {unknown}


   Skills:
 + Level 0.8 Fighting
 + Level 0.5 Armour
 + Level 2.3 Dodging
 - Level 2.0 Stealth
 + Level 2.1 Spellcasting
 + Level 1.8 Conjurations
 * Level 3.8 Fire Magic


You had 2 spell levels left.
You knew the following spells:

 Your Spells              Type           Power      Damage    Failure   Level
a - Foxfire               Conj/Fire      44%        2x1d6     6%          1
b - Scorch                Fire           28%        2d6       6%          2
c - Slow                  Hex            4%         N/A       19%         1

Your spell library contained the following spells:

 Spells                   Type           Power      Damage    Failure   Level
 Conjure Flame            Conj/Fire      11%        6-21      19%         3
 Inner Flame              Hex/Fire       8%         N/A       26%         3
 Frozen Ramparts          Ice            2%         1d2       50%         3
 Flame Wave               Conj/Fire      11%        2d5       52%         4
 Animate Dead             Necr           0%         N/A       88%         4
 Ice Form                 Ice/Tmut       1%         N/A       88%         4
 Leda's Liquefaction      Hex/Erth       0%         N/A       88%         4
 Borgnjor's Vile Clutch   Necr/Erth      0%         N/A       99%         5
 Death Channel            Necr           0%         N/A       100%        6


Dungeon Overview and Level Annotations

Branches:
Dungeon (2/15)

Altars:


Innate Abilities, Weirdness & Mutations

You have a beak for a mouth.
You have claws for feet.


Message History

The foxfire hits the gnoll.
The gnoll is heavily wounded.
The gnoll barely misses you.
You climb upwards.
There is a stone staircase leading down here.
Casting: Foxfire (safe; 6% risk of failure)
Confirm with . or Enter, or press ? or * to list all spells.
You conjure some foxfire!
The gnoll hits you with a +0 club.
The foxfire hits the gnoll.
The gnoll is heavily wounded.
The foxfire hits the gnoll.
The gnoll is heavily wounded.
The gnoll misses you.
Casting: Foxfire (safe; 6% risk of failure)
Confirm with . or Enter, or press ? or * to list all spells.
You conjure some foxfire!
The gnoll hits you with a +0 club.
The foxfire hits the gnoll.
The gnoll is heavily wounded.
The foxfire hits the gnoll but does no damage.
The gnoll is heavily wounded.
The gnoll barely misses you.
Casting: Foxfire (safe; 6% risk of failure)
Confirm with . or Enter, or press ? or * to list all spells.
You conjure some foxfire!
The gnoll hits you with a +0 club.
The foxfire hits the gnoll.
The gnoll is almost dead.
The foxfire hits the gnoll but does no damage.
The gnoll is almost dead.
The gnoll barely misses you.
Casting: Foxfire (safe; 6% risk of failure)
Confirm with . or Enter, or press ? or * to list all spells.
You miscast Scorch.
You are very lightly contaminated with residual magic.
Nothing appears to happen.
The gnoll hits you with a +0 club.
* * * LOW HITPOINT WARNING * * *
Casting: Scorch (safe; 6% risk of failure)
Confirm with . or Enter, or press ? or * to list all spells.
You don't have enough magic to cast this spell.
The gnoll attacks as you move away! The gnoll hits you with a +0 club!
You die...

####..###.#.)##
#.####......
#....#.#.##
#.##....###. ##.....#.#
#....#### ## ###...#.#
#.(### ##..#.#####.##
#......#...#
#....#..[#.#
##..g.#....#
###@(##...##
####.....#..#
##.....#[)##.###
##....)....##...###
#..........####...#####
#.......#....####.....#
#.......#....# #####..
##.....##....###### ##.
##.>........(.....#####


You could see a gnoll.

Vanquished Creatures
  A dart slug (D:1)
  2 bats (D:1)
  An endoplasm (D:1)
  2 giant cockroaches (D:1)
  2 goblins (D:1)
  A hobgoblin (D:1)
  3 ball pythons (D:1)
  2 frilled lizards (D:1)
  4 kobolds (D:1)
  3 rats (D:1)
21 creatures vanquished.

Vanquished Creatures (others)
  101 foxfires
101 creatures vanquished.

Grand Total: 122 creatures vanquished

Notes
Turn   | Place    | Note
-------+----------+-------------------------------------------
     0 | D:1      | kae the Tengu Fire Elementalist began the quest for the
                  | Orb.
     0 | D:1      | Reached XP level 1. HP: 10/10 MP: 4/4
   247 | D:1      | Reached XP level 2. HP: 14/16 MP: 3/6
   685 | D:1      | Learned a level 2 spell: Scorch
   771 | D:1      | Got the Handbook of Curses and Cold
   905 | D:1      | Reached XP level 3. HP: 20/20 MP: 5/7
   907 | D:1      | Learned a level 1 spell: Slow
  1060 | D:2      | Found a faded altar of an unknown god.
  1075 | D:1      | Slain by a gnoll

Illustrated notes

Levels and vault maps discovered:
D:1:      wander_arrival_lonely_grave, layout_rooms, minmay_heptomino_h4
D:2:      layout_basic, nicolae_ecumenical_oubliette

Action                   || total
-------------------------++-------
Melee: Unarmed           ||     2
 Cast: Foxfire           ||    56
Armor: Robe              ||     4
Dodge: Dodged            ||    15

Table legend: (Time is in decaauts)
 A = Elapsed time spent in this place.
 B = Non-inter-level travel time spent in this place.
 C = Inter-level travel time spent in this place.
 D = Time resting spent in this place.
 E = Time spent auto-exploring this place.
 F = Levels seen in this place.
 G = Mean time per level.
                   A        B        C        D        E       F      G
               +--------+--------+--------+--------+--------+-----+--------+
         Total |   1075 |   1049 |     26 |      2 |    863 |   2 |  537.5 |
       Dungeon |   1075 |   1049 |     26 |      2 |    863 |   2 |  537.5 |
               +--------+--------+--------+--------+--------+-----+--------+

Top non-repeatable levels by time:
     D:1: 1069 daAuts
     D:2: 5 daAuts
